 Dungeon Sprint DCSS version 0.19.5 (webtiles) character file.

13213 Mesmaeker13 the Brawler (level 11, -12/104 HPs)
             Began as a Troll Berserker on Apr 4, 2017.
             Was the Champion of Trog.
             Mangled by a 14-headed hydra (15 damage)
             ... in the Dungeon (Sprint I: "Red Sonja").
             The game lasted 00:07:33 (2078 turns).

Mesmaeker13 the Brawler (Troll Berserker)           Turns: 2078, Time: 00:07:34

Health: -12/104    AC:  4    Str: 25    XL:     11   Next: 72%
Magic:  6/6        EV: 15    Int:  1    God:    Trog [******]
Gold:   1147       SH:  0    Dex:  8    Spells: 0 memorised, 10 levels left

rFire  . . .     SeeInvis .       - Unarmed
rCold  . . .     Gourm    +     k - +0 robe (curse)
rNeg   . . .     Faith    .     (no shield)
rPois  .         Spirit   .     (helmet restricted)
rElec  .         Reflect  .     (no cloak)
rCorr  .         Harm     .     (gloves unavailable)
MR     .....     Rnd*Rage +     (boots unavailable)
Stlth  +......... NoTele   +    (no amulet)
                                (no ring)
                                (no ring)

@: no status effects
A: unfitting armour, claws 3, berserk 2, clumsy 1, deformed body, deterioration
1, dopey 1, fast metabolism 3, frail 2, gourmand, low mp 3, regeneration 1,
shaggy fur 1, tough skin 2, weak 2, MP-powered wands
a: Berserk, Trog's Hand, Brothers in Arms, Burn Spellbooks, Renounce Religion


You were in the Dungeon.
You worshipped Trog.
Trog was exalted by your worship.
You were not hungry.

You visited 1 branch You collected 1147 gold pieces.

Inventory:

Hand Weapons
 j - a +2 shortbow of freezing
Armour
 k - a cursed +0 robe (worn)
Wands
 n - a wand of paralysis (9/24)
Scrolls
 h - a scroll of blinking
 m - a scroll of magic mapping {unknown}
 q - a scroll of acquirement {unknown}
Potions
 c - a potion of agility {unknown}
 d - a potion of heal wounds
 e - a potion of haste
 f - 2 potions of magic
 g - 2 potions of berserk rage
 i - a potion of cancellation {unknown}
 l - a potion of brilliance {unknown}
 p - 2 potions of curing
Miscellaneous
 a - a phantom mirror
Comestibles
 b - a bread ration
 o - 2 slices of pizza


   Skills:
 + Level 14.3 Fighting
 + Level 14.4 Dodging
 + Level 16.6 Unarmed Combat


You had 10 spell levels left.
You didn't know any spells.

Dungeon Overview and Level Annotations

Branches:
Dungeon (1/1)

Altars:
Cheibriados
Dithmenos
Elyvilon
Fedhas
Gozag
Hepliaklqana
Kikubaaqudgha
Makhleb
Nemelex Xobeh
Okawaru
Qazlal
Ru
Sif Muna
Trog
Uskayaw
Vehumet
Xom
Yredelemnul
Zin
The Shining One
Jiyva
Lugonu

Shops:
D %[[[*(((=*?*?[(}**([(


Innate Abilities, Weirdness & Mutations

You are too large for most types of armour.
You have claws for hands.
Your metabolism is lightning-fast.
You like to eat raw meat.
Your natural rate of healing is unusually fast.
You are covered in fur. (AC +1)
You have very tough skin. (AC +2)
You often lose your temper in combat.
You are clumsy. (Dex -2)
Armour fits poorly on your strangely shaped body.
Your body sometimes deteriorates upon taking damage.
You are dopey. (Int -2)
You are very frail. (-20% HP)
Your magical capacity is extremely low. (-30% MP)
You are very weak. (Str -4)
You expend magic power (3 MP) to strengthen your wands.


Message History

The 13-headed hydra bites you but does no damage.
The 13-headed hydra bites you! The 13-headed hydra misses you.
The 13-headed hydra barely misses you. The 13-headed hydra bites you!
The 13-headed hydra misses you.
The 13-headed hydra completely misses you.
The 13-headed hydra bites you but does no damage.
The 13-headed hydra bites you! x2
* * * LOW HITPOINT WARNING * * *
The 13-headed hydra bites you but does no damage.
The 13-headed hydra barely misses you. The 13-headed hydra closely misses you.
You tear one of the 13-headed hydra's heads off!
The 12-headed hydra grows two more!
You claw the 14-headed hydra!
The 14-headed hydra is heavily wounded.
The 14-headed hydra closely misses you. The 14-headed hydra bites you!
* * * LOW HITPOINT WARNING * * *
The 14-headed hydra completely misses you.
The 14-headed hydra barely misses you. The 14-headed hydra bites you!
* * * LOW HITPOINT WARNING * * *
The 14-headed hydra bites you!
You die...

#####################
..#)§#§§§§).§§§§@DG$#
.†##'#§####§§§§§##$.+
..§§.#.# ##§.§## ##
###§.§.# ###+#
§##+#### .# §# §###
.'.#


You could see a 14-headed hydra and a floating eye.

Vanquished Creatures
  2 centaur warriors (D)
  Sonja (D)
  2 unseen horrors (D)
  A deep troll (D)
  A lindwurm (D)
  8 shining eyes (D)
  An oklob plant (D)
  2 kobold demonologists (D)
  4 demonic crawlers (D)
  A hornet (D)
  A slime creature (D)
  Sigmund (D)
  2 redbacks (D)
  A yak (D)
  13 hogs (D)
  6 floating eyes (D)
  7 necrophages (D)
  An ogre (D)
  8 jellies (D)
  Ijyb (D)
  3 ballistomycetes (D)
67 creatures vanquished.

Vanquished Creatures (others)
  A gargoyle (D)
  2 ballistomycete spores (D)
3 creatures vanquished.

Grand Total: 70 creatures vanquished

Notes
Turn   | Place    | Note
-------+----------+-------------------------------------------
     0 | D        | Mesmaeker13 the Troll Berserker began the quest for the Orb.
     0 | D        | Reached XP level 1. HP: 22/22 MP: 0/0
     2 | D        | Noticed Ijyb
    16 | D        | Killed a gargoyle
    28 | D        | Killed Ijyb
    28 | D        | Reached skill level 4 in Unarmed Combat
    28 | D        | Reached XP level 2. HP: 30/31 MP: 1/1
   129 | D        | Noticed an ogre
   134 | D        | Killed an ogre
   134 | D        | Reached skill level 5 in Fighting
   134 | D        | Reached skill level 5 in Dodging
   134 | D        | Reached skill level 6 in Unarmed Combat
   134 | D        | Reached XP level 3. HP: 35/42 MP: 2/2
   134 | D        | Reached XP level 4. HP: 42/50 MP: 3/3
   156 | D        | Noticed Sigmund
   161 | D        | Killed Sigmund
   161 | D        | Reached ** piety under Trog
   161 | D        | Reached skill level 7 in Unarmed Combat
   161 | D        | Reached XP level 5. HP: 61/61 MP: 4/4
   219 | D        | Found a deep blue altar of Sif Muna.
   221 | D        | Found a radiant altar of Vehumet.
   224 | D        | Reached skill level 8 in Unarmed Combat
   224 | D        | Reached XP level 6. HP: 64/68 MP: 5/5
   234 | D        | Found Enaottad's Armour Emporium.
   234 | D        | Found an ancient bone altar of Kikubaaqudgha.
   234 | D        | Found a hazy altar of Hepliaklqana.
   234 | D        | Found a stormy altar of Qazlal.
   234 | D        | Found a hide-covered altar of Uskayaw.
   234 | D        | Found a blossoming altar of Fedhas.
   234 | D        | Found a bloodstained altar of Trog.
   234 | D        | Found an iron altar of Okawaru.
   234 | D        | Found a basalt altar of Yredelemnul.
   234 | D        | Found a glowing golden altar of the Shining One.
   234 | D        | Found a snail-covered altar of Cheibriados.
   234 | D        | Found a sacrificial altar of Ru.
   234 | D        | Found a glowing silver altar of Zin.
   234 | D        | Found a shadowy altar of Dithmenos.
   234 | D        | Found a white marble altar of Elyvilon.
   234 | D        | Noticed a yak
   236 | D        | Killed a yak
   236 | D        | Reached *** piety under Trog
   238 | D        | Found an opulent altar of Gozag.
   254 | D        | Found a sparkling altar of Nemelex Xobeh.
   287 | D        | Found a burning altar of Makhleb.
   287 | D        | Found a viscous altar of Jiyva.
   287 | D        | Found a shimmering altar of Xom.
   287 | D        | Found a corrupted altar of Lugonu.
   287 | D        | Noticed a slime creature
   292 | D        | Killed a slime creature
   292 | D        | Reached skill level 9 in Unarmed Combat
   292 | D        | Reached XP level 7. HP: 69/80 MP: 6/6
   323 | D        | Noticed a kobold demonologist
   324 | D        | Noticed a kobold demonologist
   325 | D        | Paralysed by a floating eye for 2 turns
   332 | D        | Killed a kobold demonologist
   332 | D        | Reached **** piety under Trog
   332 | D        | Reached skill level 10 in Unarmed Combat
   333 | D        | Noticed a hellwing
   335 | D        | Killed a kobold demonologist
   335 | D        | Reached XP level 8. HP: 89/92 MP: 7/7
   373 | D        | Noticed a centaur warrior
   399 | D        | Noticed a centaur warrior
   434 | D        | Killed a centaur warrior
   434 | D        | Reached skill level 10 in Fighting
   434 | D        | Reached skill level 10 in Dodging
   434 | D        | Reached skill level 11 in Unarmed Combat
   472 | D        | Noticed a hornet
   501 | D        | Killed a centaur warrior
   501 | D        | Reached skill level 12 in Unarmed Combat
   501 | D        | Reached XP level 9. HP: 62/102 MP: 8/8
   568 | D        | Noticed an oklob plant
   568 | D        | Paralysed by a hornet for 3 turns
   694 | D        | Killed an oklob plant
   694 | D        | Reached skill level 13 in Unarmed Combat
   772 | D        | Reached ***** piety under Trog
   910 | D        | Paralysed by a floating eye for 3 turns
   953 | D        | Reached XP level 10. HP: 112/114 MP: 9/9
   957 | D        | Reached ****** piety under Trog
   957 | D        | Received a gift from Trog
  1021 | D        | Found Sajacoth's Antique Weapon Shoppe.
  1021 | D        | Found Qickiaru's Antique Weapon Shop.
  1021 | D        | Found Eveocw's Jewellery Boutique.
  1023 | D        | Found Vikonih's Assorted Antiques.
  1023 | D        | Found Labb's Magic Scroll Shop.
  1023 | D        | Found Immas's General Store.
  1023 | D        | Found Sixackam's Magic Scroll Boutique.
  1023 | D        | Found Gottyig's Antique Armour Emporium.
  1023 | D        | Found Huzicliv's Antique Weapon Shop.
  1023 | D        | Found Udoidef's Gadget Shoppe.
  1026 | D        | Found Intemm's Assorted Antiques.
  1027 | D        | Found Waez's Antique Weapon Emporium.
  1027 | D        | Found Sowe Lin's General Store.
  1028 | D        | Found Zegiett's Weapon Emporium.
  1056 | D        | Killed an unseen horror
  1056 | D        | Received a gift from Trog
  1056 | D        | Reached skill level 14 in Unarmed Combat
  1068 | D        | Killed an unseen horror
  1216 | D        | Noticed a deep troll
  1219 | D        | Killed a deep troll
  1231 | D        | Found Doadghed's Armour Emporium.
  1243 | D        | Noticed Sonja
  1252 | D        | HP: 2/117 [Sonja/uncursed dagger of distortion (5)]
  1255 | D        | Killed Sonja
  1410 | D        | Found Duaff's Food Boutique.
  1419 | D        | Noticed a shining eye
  1419 | D        | Noticed a shining eye
  1419 | D        | Noticed a shining eye
  1419 | D        | Noticed a shining eye
  1419 | D        | Noticed a shining eye
  1419 | D        | Noticed a shining eye
  1419 | D        | Gained mutation: Your magical capacity is low. (-10% MP) [a shining eye]
  1420 | D        | Gained mutation: Your magical capacity is very low. (-20% MP) [a shining eye]
  1420 | D        | Gained mutation: You expend magic power (3 MP) to strengthen your wands. [a shining eye]
  1421 | D        | Paralysed by a floating eye for 2 turns
  1427 | D        | Paralysed by a floating eye for 4 turns
  1430 | D        | Gained mutation: Armour fits poorly on your strangely shaped body. [a shining eye]
  1433 | D        | Gained mutation: Your magical capacity is extremely low. (-30% MP) [a shining eye]
  1434 | D        | Killed a shining eye
  1434 | D        | Gained mutation: You are frail. (-10% HP) [a shining eye]
  1436 | D        | Killed a shining eye
  1436 | D        | Reached skill level 15 in Unarmed Combat
  1436 | D        | Paralysed by a floating eye for 2 turns
  1442 | D        | Paralysed by a floating eye for 3 turns
  1443 | D        | Gained mutation: You are dopey. (Int -2) [a shining eye]
  1449 | D        | Paralysed by a floating eye for 2 turns
  1450 | D        | Gained mutation: You are very frail. (-20% HP) [a shining eye]
  1451 | D        | Gained mutation: You tend to lose your temper in combat. [a shining eye]
  1452 | D        | Killed a shining eye
  1452 | D        | Reached XP level 11. HP: 101/101 MP: 6/6
  1457 | D        | Gained mutation: You are weak. (Str -2) [a shining eye]
  1458 | D        | Killed a shining eye
  1461 | D        | Killed a shining eye
  1464 | D        | Killed a shining eye
  1464 | D        | Received a gift from Trog
  1613 | D        | Noticed a shining eye
  1613 | D        | Noticed a shining eye
  1614 | D        | Paralysed by a floating eye for 4 turns
  1616 | D        | Gained mutation: You are very weak. (Str -4) [a shining eye]
  1619 | D        | Gained mutation: You often lose your temper in combat. [a shining eye]
  1623 | D        | Gained mutation: Your body sometimes deteriorates upon taking damage. [a shining eye]
  1624 | D        | Killed a shining eye
  1624 | D        | Received a gift from Trog
  1626 | D        | Gained mutation: You are clumsy. (Dex -2) [a shining eye]
  1627 | D        | Killed a shining eye
  1633 | D        | Found Nupsor's Armour Shoppe.
  1633 | D        | Found Uroiz's Assorted Antiques.
  1633 | D        | Found Xahi's Armour Emporium.
  1633 | D        | Found Wibudgh's Weapon Boutique.
  1699 | D        | Reached skill level 16 in Unarmed Combat
  1752 | D        | Noticed a lindwurm
  1759 | D        | Killed a lindwurm
  1759 | D        | Received a gift from Trog
  1839 | D        | Received a gift from Trog
  2075 | D        | Noticed a 12-headed hydra
  2078 | D        | HP: 3/104 [14-headed hydra (14)]
  2078 | D        | Mangled by a 14-headed hydra

Skill      XL: |  1  2  3  4  5  6  7  8  9 10 11 |
---------------+----------------------------------+-----
Fighting       | 3 5 6 8 9 10 11 13 14 | 14.3
Dodging        | 3 5 6 8 9 10 11 13 14 | 14.4
Unarmed Combat | 4 6 7 8 9 10 12 13 15 16 | 16.6

Action                   |  1- 3 |  4- 6 |  7- 9 | 10-12 || total
-------------------------+-------+-------+-------+-------++-------
Melee: Unarmed           |    29 |    10 |    54 |   128 ||   221
       Punch             |       |     1 |     3 |    12 ||    16
Invok: Berserk           |       |     1 |     2 |     1 ||     4
       Trog's Hand       |       |       |     1 |     1 ||     2
  Use: Potion            |       |       |     1 |     2 ||     3
  Eat: Chunk             |     3 |     1 |     5 |     5 ||    14
       Bread ration      |       |       |       |     2 ||     2
Armor: Animal skin       |     6 |     1 |       |       ||     7
       Robe              |       |       |     8 |    21 ||    29
Dodge: Dodged            |    16 |     3 |    20 |    80 ||   119
